 Dungeon Crawl Stone Soup version 0.24-a0-500-g46574c2197 (webtiles) character file.

Game seed: 17339199381947342808

826 soark the Conjurer (level 7, 0/36 HPs)
             Began as a Deep Elf Fire Elementalist on July 15, 2019.
             Was an Initiate of Vehumet.
             Slain by a hound (5 damage)
             ... on level 5 of the Dungeon.
             The game lasted 00:08:21 (4294 turns).

soark the Conjurer (Deep Elf Fire Elementalist)     Turns: 4294, Time: 00:08:22

Health: 0/36       AC:  4    Str:  5    XL:     7   Next: 64%
Magic:  10/16      EV: 13    Int: 22    God:    Vehumet [......]
Gold:   174        SH:  0    Dex: 15    Spells: 1/16 levels left

rFire    x . .     SeeInvis .   w - +2 dagger (drain)
rCold    + . .     Gourm    .   (no shield)
rNeg     . . .     Faith    .   a - +0 robe
rPois    .         Spirit   .   (no helmet)
rElec    .         Reflect  .   p - +0 cloak
rCorr    .         Harm     .   (no gloves)
MR       .....                  b - +0 pair of boots
Stlth    ++........             (no amulet)
HPRegen  0.12/turn              f - ring of flight
MPRegen  0.15/turn              v - ring of ice

@: no status effects
A: no striking features
a: Renounce Religion, Evoke Flight


You were on level 5 of the Dungeon.
You worshipped Vehumet.
Vehumet was noncommittal.
You were not hungry.

You visited 2 branches of the dungeon, and saw 7 of its levels.

You collected 174 gold pieces.

Inventory:

Hand Weapons
 w - a +2 dagger of draining (weapon)
Missiles
 h - 12 poisoned darts (quivered)
Armour
 a - a +0 robe (worn)
 b - a +0 pair of boots (worn)
 k - a +0 buckler
 p - a +0 cloak (worn)
Jewellery
 f - a ring of flight (left hand)
 v - a ring of ice (right hand)
Wands
 n - a wand of polymorph (8)
Scrolls
 d - 2 scrolls of blinking {unknown}
 e - 8 scrolls of identify {unknown}
 g - 3 scrolls of magic mapping {unknown}
 j - 4 scrolls of remove curse {unknown}
 r - a scroll of fear {unknown}
 u - a scroll of enchant weapon {unknown}
 x - a scroll of amnesia {unknown}
 y - a scroll of enchant armour {unknown}
Potions
 i - 2 potions of haste {unknown}
 l - a potion of lignification {unknown}
 m - a potion of mutation {unknown}
 o - a potion of degeneration {unknown}
 q - 2 potions of brilliance {unknown}
 s - a potion of agility {unknown}
 t - a potion of flight {unknown}
Comestibles
 c - 8 rations


   Skills:
 - Level 2.4 Dodging
 - Level 2.4 Stealth
 + Level 2.2 Shields
 - Level 5.0 Spellcasting
 + Level 6.5 Conjurations
 * Level 5.8 Fire Magic


You had one spell level left.
You knew the following spells:

 Your Spells              Type           Power        Failure   Level  Hunger
a - Flame Tongue          Conj/Fire      ####.        1%          1    None
b - Throw Flame           Conj/Fire      ####..       1%          2    None
c - Conjure Flame         Conj/Fire      ####....     2%          3    ##.....
d - Sticky Flame          Conj/Fire      ####....     8%          4    ####...
e - Fireball              Conj/Fire      ####......   22%         5    #####..

Your spell library contained the following spells:

 Spells                   Type           Power        Failure   Level  Hunger
 Inner Flame              Hex/Fire       ###.....     10%         3    ##.....


Dungeon Overview and Level Annotations

Branches:
Dungeon (6/15)             Temple (1/1) D:4

Altars:
Ashenzari
Cheibriados
Dithmenos
Elyvilon
Fedhas
Gozag
Hepliaklqana
Kikubaaqudgha
Makhleb
Nemelex Xobeh
Qazlal
Ru
Trog
Uskayaw
Vehumet
Wu Jian
Xom
Yredelemnul
Zin
The Shining One


Message History

You climb upwards.
There is a stone staircase leading down here.
The hound closely misses you. The crimson imp hits you.
* * * LOW HITPOINT WARNING * * *
The hound completely misses you.
You hit the crimson imp but do no damage.
The crimson imp barely misses you.
You hit the crimson imp but do no damage.
The crimson imp closely misses you.
You barely miss the crimson imp.
The crimson imp blinks!
Casting: Sticky Flame (safe; 8% risk of failure)
Confirm with . or Enter, or press ? or * to list all spells.
Aiming: Sticky Flame (safe; 8% risk of failure)
Press: ? - help, Shift-Dir - straight line, f - hound
Aim: a hound (translocational energy)
The sticky flame hits the hound.
The hound is heavily wounded.
The hound is covered in liquid flames!
The hound burns!
The hound misses you.
The hound burns!
The hound bites you.
You die...

##################
#..§..5...†.......
#.################ #.#
#.# #.# #.# ####### #.#
#...... #@# #...... #h#
#......
######§##########......
#....5>.........'......
#.###############......
#...... #######


You could see a hound (burning) and a crimson imp.

Vanquished Creatures
  Edmund (D:4)
  An ice beast (D:5)
  A phantom (D:2)
  A bullfrog (D:4)
  A scorpion (D:5)
  2 orc wizards (D:5)
  3 hounds
  An orc priest (D:3)
  Crazy Yiuf (D:2)
  A worker ant (D:4)
  A hound skeleton (D:5)
  6 adders
  An ooze (D:3)
  An adder skeleton (D:3)
  3 worms
  3 dart slugs
  2 leopard geckos
  18 orcs
  5 bats
  2 giant cockroaches
  5 goblins
  9 hobgoblins
  4 jackals (D:3)
  2 quokkas (D:3)
  2 ball pythons
  8 frilled lizards
  11 kobolds
  2 leopard gecko skeletons
  5 rats
103 creatures vanquished.

Notes
Turn   | Place    | Note
-------+----------+-------------------------------------------
     0 | D:1      | soark the Deep Elf Fire Elementalist began the quest for
                  | the Orb.
     0 | D:1      | Reached XP level 1. HP: 10/10 MP: 6/6
   144 | D:1      | Reached skill level 2 in Conjurations
   144 | D:1      | Reached XP level 2. HP: 15/15 MP: 4/8
   440 | D:1      | You fall into a shaft and drop 1 floor!
   490 | D:2      | Found a runed translucent door.
   491 | D:2      | Noticed Crazy Yiuf
   581 | D:2      | Reached XP level 3. HP: 19/19 MP: 8/10
   682 | D:2      | Reached skill level 3 in Conjurations
  1088 | D:2      | Noticed a phantom
  1095 | D:2      | Killed a phantom
  1095 | D:2      | Reached skill level 4 in Conjurations
  1095 | D:2      | Reached XP level 4. HP: 7/24 MP: 3/12
  1430 | D:2      | Reached XP level 5. HP: 28/28 MP: 12/14
  1633 | D:2      | Killed Crazy Yiuf
  1778 | D:3      | Reached skill level 5 in Spellcasting
  1782 | D:3      | Reached skill level 5 in Conjurations
  2130 | D:3      | Reached XP level 6. HP: 23/32 MP: 3/15
  2398 | D:3      | Found a white marble altar of Elyvilon.
  2492 | D:3      | Found a basalt altar of Yredelemnul.
  2783 | D:4      | Reached skill level 1 in Shields
  2894 | D:4      | Found a staircase to the Ecumenical Temple.
  3049 | Temple   | Entered the Ecumenical Temple
  3350 | Temple   | Became a worshipper of Vehumet
  3445 | D:4      | Noticed Edmund
  3454 | D:4      | Killed Edmund
  3454 | D:4      | Reached skill level 6 in Conjurations
  3454 | D:4      | Reached XP level 7. HP: 19/36 MP: 7/16
  3620 | D:4      | Learned a level 2 spell: Throw Flame
  3624 | D:4      | Learned a level 3 spell: Conjure Flame
  3629 | D:4      | Learned a level 4 spell: Sticky Flame
  3635 | D:4      | Learned a level 5 spell: Fireball
  3695 | D:4      | Found a blossoming altar of Fedhas.
  3939 | D:5      | Entered Level 5 of the Dungeon
  3965 | D:5      | Reached skill level 5 in Fire Magic
  4294 | D:5      | Slain by a hound

Levels and vault maps discovered:
D:1:      dpeg_arrival_chase, layout_rooms, minmay_misc_feat_enclosed
D:2:      layout_basic, first_ration, serial_park_tiny_1,
          uniq_crazy_yiuf_cottage
D:3:      layout_rooms, kennysheep_ying_yang
D:4:      layout_loops_ring, lemuel_coloured_pillars_altar,
          minmay_temple_entry_glassed_door, uniq_edmund
D:5:      layout_basic, okawaru_ov_weapons_minmay, tgw_sif, uniq_menkaure,
          uniq_grinder
D:6:      layout_rooms, minmay_ruffians
Temple:   minmay_temple_bridge_d

Skill      XL: |  1  2  3  4  5  6  7 |
---------------+----------------------+-----
Conjurations   | 2 4 5 6 |  6.5
Spellcasting   | 4 5 |  5.0
Shields        | 1 2 |  2.2
Fire Magic     | 4 5 |  5.8
Dodging        | |  2.4
Stealth        | |  2.4

Action                   |  1- 3 |  4- 6 |  7- 9 || total
-------------------------+-------+-------+-------++-------
Melee: Unarmed           |     1 |     4 |       ||     5
       Dagger            |       |       |    52 ||    52
Throw: Dart              |       |     7 |       ||     7
 Cast: Flame Tongue      |    56 |   123 |    23 ||   202
       Sticky Flame      |       |       |     2 ||     2
 Stab: Sleeping          |       |       |     4 ||     4
       Distracted        |       |       |     1 ||     1
  Eat: Chunk             |       |     6 |     4 ||    10
Armor: Robe              |     4 |     8 |    15 ||    27
Dodge: Dodged            |    13 |    37 |    49 ||    99

Table legend:
 A = Non-vault XP
 B = Vault XP
 C = Vault XP percentage of total XP
 D = Non-vault monster count
 E = Vault monster count
 F = Vault count percentage of total count
                 A         B        C        D         E       F
            +---------+---------+-------+---------+---------+-------
      Total |     982 |     198 |  16.8 |     101 |       2 |   1.9
            +---------+---------+-------+---------+---------+-------
        D:1 |      34 |       0 |   0.0 |      18 |       0 |   0.0
        D:2 |     171 |      40 |  19.0 |      22 |       1 |   4.3
        D:3 |     172 |       0 |   0.0 |      42 |       0 |   0.0
        D:4 |     184 |     158 |  46.2 |       7 |       1 |  12.5
        D:5 |     421 |       0 |   0.0 |      12 |       0 |   0.0
            +---------+---------+-------+---------+---------+-------
